[Event "American Cup Open Elimination 2024"]
[Site "Saint Louis"]
[Date "2024.03.17"]
[Round "3.1"]
[White "Caruana, Fabiano"]
[Black "So, Wesley"]
[Result "1/2-1/2"]
[ECO "E46"]
[WhiteElo "2804"]
[BlackElo "2789"]
[Annotator "TA"]
[PlyCount "116"]
[EventDate "2024.03.11"]
[EventType "k.o."]
[EventCountry "USA"]
[SourceTitle "playchess.com"]
[Source "ChessBase"]
[SourceQuality "1"]
[TimeControl "1500+10"]

1. d4 Nf6 2. c4 e6 3. Nc3 Bb4 4. e3 O-O 5. Nge2 d5 6. a3 Be7 7. cxd5 exd5 8. Nf4 c6 9. Bd3 Re8 10. O-O Nbd7 11. Bd2 {[%emt 0:00:38] E46: Nimzo-Indian: Rubinstein: 4 e3 0-0 5 Ne2 without early Bd3.} Nf8 12. f3 Ne6 13. Nxe6 Bxe6 14. Qe1 c5 $146 ({Predecessor:} 14... a5 15. Qf2 Rc8 16. Rad1 b6 17. Ne2 Bd6 18. h3 c5 19. dxc5 bxc5 20. Bc3 Rb8 {½-½ Antoshin,V-Kholmov,R Moscow-ch49 1971}) 15. Qf2 cxd4 16. exd4 Nd7 17. Ne2 Nb6 18. Nf4 Qd7 19. Nxe6 Qxe6 20. Rfe1 Qd7 21. Bf4 Nc4 22. b3 Na5 23. Bc2 g6 24. h4 Nc6 25. b4 Bf6 26. Rxe8+ Rxe8 27. Rd1 Qd8 28. g3 Qb6 29. Ba4 Qa6 (29... Bxd4 $2 30. Rxd4 Rd8 (30... Qxd4 $2 31. Qxd4 Nxd4 32. Bxe8 $18) 31. Rd2 $18) 30. Bxc6 bxc6 31. Qb2 Re2 32. Qc3 {[%emt 0:00:01] [#]} Rg2+ (32... Ra2 $1 $17 33. Qe1 (33. Rd3 Bg7) 33... Re2 (33... Qxa3 $2 {is the wrong capture.} 34. Bh6 $18) (33... Rxa3 $2 34. Qe8+ Kg7 35. Bd6 $18)) 33. Kxg2 $11 Qe2+ 34. Kh3 Qxd1 35. Be5 (35. Bh6 $1 $11 {keeps the balance.} Qf1+ (35... Bxd4 $2 {perishes.} 36. Qxc6 Qh1+ 37. Kg4 $18) 36. Kh2) 35... Qf1+ (35... Bxe5 $142 36. dxe5 h5) 36. Kg4 $17 {[%emt 0:00:20] [#]} Qb1 ({Black should try} 36... Bxe5 $1 $15 37. dxe5 Qb1) 37. Kf4 $11 Qf5+ 38. Ke3 Qe6 39. Kf2 Bd8 40. Qe3 Bb6 41. Qf4 Bd8 42. Bc7 Bf6 43. Bd6 a6 44. Bb8 h5 45. Be5 Be7 46. Qh6 Bf6 47. Qf4 Be7 48. Qh6 Bf6 49. Bxf6 Qxf6 50. Qe3 Qf5 51. Qe2 Qh3 52. Qe8+ Kg7 53. Qe5+ Kh7 54. Qc7 Qh2+ 55. Kf1 Qh1+ 56. Kf2 Qh2+ 57. Kf1 Qh1+ 58. Kf2 Qh2+ 1/2-1/2

[Event "American Cup Open Elimination 2024"]
[Site "Saint Louis"]
[Date "2024.03.17"]
[Round "3.2"]
[White "So, Wesley"]
[Black "Caruana, Fabiano"]
[Result "0-1"]
[ECO "D00"]
[WhiteElo "2789"]
[BlackElo "2804"]
[Annotator "TA"]
[PlyCount "126"]
[EventDate "2024.03.11"]
[EventType "k.o."]
[EventCountry "USA"]
[SourceTitle "playchess.com"]
[Source "ChessBase"]
[SourceQuality "1"]
[TimeControl "1500+10"]

1. d4 Nf6 2. Nc3 d5 3. Bf4 Bf5 4. e3 e6 5. Bd3 Bg6 6. h4 {[%emt 0:00:02] D00: 1 d4 d5: Unusual lines.} Bd6 7. h5 Bxd3 8. Qxd3 h6 9. O-O-O Nbd7 $146 ({Predecessor:} 9... Nc6 10. Nf3 Qe7 11. Bxd6 Qxd6 12. Kb1 a6 13. e4 Nb4 14. Qe2 dxe4 15. Ne5 O-O {1-0 Erigaisi,A (2701)-Yu,Y (2729) Chessable Masters Div 2 Lose rapid 2023 (2.1)}) 10. Nge2 a6 11. f3 Qe7 12. g4 O-O-O 13. Kb1 Kb8 14. Bxd6 Qxd6 15. e4 dxe4 16. Nxe4 Qb6 17. Nd2 Ne5 18. Qb3 Qxb3 19. axb3 Nc6 20. Nc4 Nd5 21. c3 Rhf8 22. Ng3 b6 23. b4 Kb7 24. Rhe1 Nf4 25. Re4 Nd5 26. Kc2 Ra8 27. Ra1 Rfe8 28. Kb3 Rf8 29. Ne5 Nxe5 30. Rxe5 Rfd8 31. Ne4 Ne7 32. Nf2 Nc6 33. Re4 Rd5 34. Nd3 a5 35. Rf4 f6 36. Re4 e5 37. b5 (37. bxa5 $11 {remains equal.} f5 (37... Nxa5+ 38. Kc2 $17) (37... exd4 38. a6+ Rxa6 39. Rxa6 $11) (37... Raxa5 38. Rxa5 Nxa5+ 39. Kc2 $11) 38. Ree1 (38. gxf5 exd4 39. cxd4 Nxa5+ 40. Kc2 Rf8 $11) 38... Nxa5+ (38... exd4 39. axb6 Rxa1 40. Rxa1 $11) 39. Kc2 exd4 40. b4) 37... Rxb5+ $17 38. Kc4 Ka6 39. d5 Na7 40. f4 Rd8 $1 41. fxe5 {[%emt 0:00:08] [#]} Kb7 $2 ({Black should play} 41... c6 $1 $17 42. dxc6 Nxc6 43. exf6 Rc8 44. fxg7 Ne5+ 45. Kd4 Rd8+ 46. Ke3 Rxd3+ (46... Nxd3 47. Rd1 $16) 47. Kf2 Rxb2+ 48. Re2 Nxg4+ 49. Kf1 Rf3+ 50. Kg2 Rxe2+ 51. Kxf3 Re8 (51... Rf2+ $2 52. Kg3 $18) 52. Kxg4 Rg8) 42. e6 (42. exf6 $14 gxf6 (42... Rbxd5 $2 {loses.} 43. f7 $18) 43. Rd4) 42... Rbxd5 $11 43. e7 b5+ 44. Kb3 Re8 (44... Rxd3 $2 {is the wrong capture.} 45. exd8=N+ (45. e8=B $2 {too greedy.} Kb6 $19) 45... Rxd8 46. Rxa5 $18) 45. Nf4 Rd7 46. Ng6 $1 Nc6 47. Rae1 Rd2 48. Re6 a4+ 49. Ka3 $2 {[%emt 0:00:10] [#]} (49. Ka2 $1 $11 {and White is okay.}) 49... b4+ $1 $19 50. cxb4 Nd4 51. R6e4 Nc2+ 52. Kxa4 Nxe1 53. Rxe1 Rxb2 54. Kb5 $2 (54. Nh4) 54... Rc2 $19 55. Ka4 (55. Rd1 $142 c6+ 56. Ka4) 55... Rc3 $19 56. b5 Rc4+ 57. Kb3 Rxg4 58. Kc3 (58. Rd1 $142 Rxg6 59. hxg6) 58... Rg5 $19 59. Nf4 Kc8 60. Kc4 Rg4 61. Kd5 Rxf4 62. Ke6 Rd4 63. Ra1 Re4+ 0-1

[Event "American Cup Open Elimination 2024"]
[Site "Saint Louis"]
[Date "2024.03.17"]
[Round "3.3"]
[White "So, Wesley"]
[Black "Caruana, Fabiano"]
[Result "1-0"]
[ECO "B40"]
[WhiteElo "2789"]
[BlackElo "2804"]
[Annotator "TA"]
[PlyCount "131"]
[EventDate "2024.03.11"]
[EventType "k.o."]
[EventCountry "USA"]
[SourceTitle "playchess.com"]
[Source "ChessBase"]
[SourceQuality "1"]
[TimeControl "1500+10"]

1. e4 c5 2. Nf3 e6 3. Bd3 d5 4. exd5 exd5 5. O-O Nf6 6. Bb5+ {[%emt 0:00:08] B40: Sizilianisch (Klassisches System mit e7-e6).} Bd7 7. Bxd7+ Nbxd7 8. d4 Be7 9. dxc5 Nxc5 10. Nd4 O-O 11. Nf5 Ne6 $146 ({Predecessor:} 11... Re8 12. Nc3 Bf8 13. Bg5 h6 14. Bh4 g6 15. Qd4 g5 {½-½ Malik,J (2257)-Talla,V (2387) CZE-chT 1213 2012 (9.8)}) 12. Be3 Re8 13. Nc3 Bf8 14. Qf3 Bb4 15. Ne2 Bc5 16. Rad1 Qb6 17. Nh6+ Kf8 18. Bc1 Rad8 19. b3 Qc6 20. Nf5 Ne4 21. Bb2 g6 22. Nfd4 Nxd4 23. Nxd4 Qf6 24. Qd3 Kg8 25. Ba1 h5 26. g3 h4 27. Nf3 Qb6 28. Nd4 Bf8 29. gxh4 Bg7 30. h5 Re5 31. hxg6 Qxg6+ 32. Kh1 Rh5 33. Nf3 Bxa1 34. Rxa1 Rh3 $2 (34... Re8 $19 35. Rae1 Re6 36. Rxe4 Qxe4 (36... dxe4 37. Qd8+ Kh7 38. Rg1 $11) 37. Qxe4 dxe4) 35. Rae1 $15 Rd6 36. Re3 Qh6 $1 37. Rg1+ Rg6 ({Vorzuziehen ist} 37... Kf8 $15 38. Rxe4 dxe4 39. Qxe4 Qh5) 38. Rxg6+ $11 (38. Qxd5 $2 Nxf2#) 38... Qxg6 39. Qf1 (39. Qxd5 $2 Nxf2#) 39... Qh5 40. Qg2+ Kf8 41. c4 dxc4 42. bxc4 (42. Rxe4 {vereinfacht} Rxf3 43. Rxc4 Qf5 44. Kg1) 42... f5 43. Ng1 {[%emt 0:00:55] [#]} (43. Kg1 $11) 43... Rxe3 (43... Rxh2+ $1 $17 44. Qxh2 Nxf2+ 45. Kg2 Qxh2+ 46. Kxh2 Ng4+ 47. Kg3 Nxe3) 44. fxe3 $11 Qh4 45. Qb2 b6 46. Qe5 Qg5 (46... Qf2 $11) 47. Qb8+ $14 Ke7 48. Qxa7+ Ke8 49. Qb8+ (49. Qxb6 $2 Nf2#) 49... Kd7 50. Qb7+ (50. Qxb6 $2 Nf2#) 50... Ke8 51. Qc8+ (51. Qxb6 $2 Nf2#) 51... Ke7 52. Qc7+ $1 Ke8 53. Qf4 (53. Qxb6 $2 Nf2#) 53... Qg6 (53... Qf6 $16) 54. Ne2 $18 Qh5 (54... Qe6 {ist wohl besser.} 55. Ng3 Nxg3+ 56. hxg3 Kd7) 55. Nd4 $18 Qd1+ 56. Kg2 Qd2+ $2 (56... Qg4+ 57. Qxg4 fxg4) 57. Kh3 $18 Nf2+ 58. Kh4 Nd3 59. Qb8+ (59. Qxf5 Qxh2+ 60. Qh3 (60. Kg5 Qg3+ 61. Kf6 Qh4+ 62. Kg7 Qe7+ 63. Kg8 Ne5 $14) 60... Qxh3+ 61. Kxh3 Ne5 $16) 59... Kf7 60. Qc7+ Kg8 61. Qg3+ (61. Ne6 $142 Qf2+ 62. Kh5 (62. Qg3+ Qxg3+ 63. hxg3 Kf7 $16) 62... Qf3+ 63. Kg6 Qg2+ 64. Ng5 (64. Kxf5 Qh3+ 65. Kf6 Qh6+ 66. Ke7 Qh7+ 67. Kd8 Qh6 $18) 64... Qc6+ 65. Qxc6 Ne5+ 66. Kxf5 Nxc6 67. Ne4) 61... Kf7 $18 62. Nxf5 Qxa2 (62... Qf2 $18 63. Qxf2 Nxf2) 63. Kg5 Qa7 64. Qd6 Nc5 65. Qf6+ Ke8 66. Qh8+ 1-0

[Event "American Cup Open Elimination 2024"]
[Site "Saint Louis"]
[Date "2024.03.17"]
[Round "3.4"]
[White "Caruana, Fabiano"]
[Black "So, Wesley"]
[Result "1/2-1/2"]
[ECO "C67"]
[WhiteElo "2804"]
[BlackElo "2789"]
[Annotator "TA"]
[PlyCount "83"]
[EventDate "2024.03.11"]
[EventType "k.o."]
[EventCountry "USA"]
[SourceTitle "playchess.com"]
[Source "ChessBase"]
[SourceQuality "1"]
[TimeControl "1500+10"]

1. e4 e5 2. Nf3 Nc6 3. Bb5 Nf6 4. O-O Nxe4 5. Re1 Nd6 6. Nxe5 Be7 7. Bf1 Nxe5 8. Rxe5 O-O 9. d4 Bf6 10. Re1 {[%emt 0:00:02] The position is equal.} Re8 11. Bf4 Rxe1 12. Qxe1 Ne8 13. c3 d5 14. Bd3 g6 15. Nd2 Ng7 16. Bh6 Bg5 17. Bxg5 Qxg5 18. Nf3 Qf6 19. Qd2 Bf5 20. Bf1 Re8 21. Qh6 Nh5 22. Ne5 Qg7 23. Qd2 f6 24. Nd3 Bxd3 25. Bxd3 Qe7 26. g3 f5 27. a4 Kg7 28. a5 c6 29. a6 b6 30. c4 dxc4 31. Bxc4 Nf6 32. Bf1 Ne4 33. Qc2 Qf6 34. Rd1 Rd8 35. Bg2 Rxd4 36. Bxe4 fxe4 37. Rxd4 Qxd4 38. Qxc6 $11 {[%emt 0:00:02] KQ-KQ} Qd1+ 39. Kg2 {[%emt 0:00:00] [#] Black must now prevent Qb7+.} Qf3+ 40. Kg1 Qd1+ 41. Kg2 Qf3+ 42. Kg1 {[%emt 0:00:02] Not much happened in this game.   Weighted Error Value: White=0.01 (flawless) /Black=0.01 (flawless) .  OK:         	White=16    	Black=16} 1/2-1/2

[Event "American Cup Open Elimination 2024"]
[Site "Saint Louis"]
[Date "2024.03.17"]
[Round "3.5"]
[White "Caruana, Fabiano"]
[Black "So, Wesley"]
[Result "0-1"]
[ECO "C65"]
[WhiteElo "2804"]
[BlackElo "2789"]
[Annotator "TA"]
[PlyCount "106"]
[EventDate "2024.03.11"]
[EventType "k.o."]
[EventCountry "USA"]
[SourceTitle "playchess.com"]
[Source "ChessBase"]
[SourceQuality "1"]
[TimeControl "600+5"]

1. e4 e5 2. Nf3 Nc6 3. Bb5 Nf6 4. d3 (4. O-O Nxe4 5. Re1 Nd6 6. Nxe5 Be7 7. Bf1 Nxe5 8. Rxe5 O-O 9. d4 Bf6 10. Re1 Re8 11. Bf4 Rxe1 12. Qxe1 Ne8 13. c3 d5 14. Bd3 g6 15. Nd2 Ng7 16. Qe2 c6 17. Re1 Bf5 18. Bxf5 Nxf5 19. Nf3 Ng7 20. Bh6 Nf5 21. Bf4 Ng7 22. Bh6 Nf5 23. Bf4 Ng7 {½-½ Caruana,F (2794)-So,W (2752) CCT Final playoff rapid 2023 (7.1)}) 4... Bc5 5. Bxc6 dxc6 6. Nbd2 {[%emt 0:00:04] C65: Ruy Lopez: Berlin Defence (3...Nf6), unusual lines and 4 0-0 Bc5.} Nd7 {[%emt 0:00:05] 6...Nd7 is setting a new trend.} 7. O-O a5 $5 {[%emt 0:00:04][%mdl 4] Leaves trodden paths.} 8. Nc4 Qe7 9. Be3 f6 10. Qd2 $146 ({Predecessor:} 10. Re1 b5 11. Ncd2 Bxe3 12. Rxe3 a4 13. d4 O-O 14. c4 Bb7 15. Qc2 {1-0 Fedoseev,V (2674)-Jones,G (2623) Titled Tuesday intern op 03rd Jan Early blitz 2023 (8)}) 10... b6 11. a3 Qf7 12. b4 Be7 13. bxa5 b5 14. Nb2 O-O 15. c4 Nc5 16. Qc3 Ne6 17. d4 exd4 18. Nxd4 Nxd4 19. Bxd4 c5 20. Be3 b4 21. axb4 cxb4 22. Qb3 Ba6 23. Rfc1 Qe6 (23... f5 $11) 24. Nd3 $16 Qxe4 25. Nc5 (25. Nxb4 $2 Bxb4 26. Qxb4 Bb7 $19) (25. c5+ $1 $16 Kh8 26. Nxb4 (26. Qxb4 $2 {perishes.} Qxd3 27. Qf4 Rfc8 $19)) 25... Bxc5 $11 26. Bxc5 Rfb8 $1 27. f3 (27. Bxb4 $2 c5 28. Re1 Qg6 $19 (28... Rxb4 $2 29. Qxb4 $18)) 27... Qf5 28. Bf2 (28. Bxb4 $2 {loses.} c5 29. Kh1 Rxb4 $19 (29... cxb4 $2 30. c5+ Kh8 31. Rab1 $19)) 28... c5 29. Rd1 Rd8 30. Rd5 Rxd5 31. cxd5 Rc8 (31... Qd3 $11 32. Qxd3 Bxd3 33. Bxc5 b3) 32. Rc1 (32. d6+ $16 c4 33. Qxb4) 32... c4 $11 33. Qxb4 Qxd5 34. h3 h6 35. Qe1 Kh7 36. Rd1 Qb7 37. Bd4 Rd8 38. Rb1 Qc8 (38... Qd5 $11 {remains equal.} 39. Bc3 Rd6) 39. Qc3 ({White should play} 39. Qe4+ $16 Kh8 40. Rb6) 39... Rd6 40. Qc2+ Kh8 41. Ba7 Rd8 42. Qc3 ({White should try} 42. Rb8 $11 Qc7 43. Rxd8+ Qxd8 44. Qc3) 42... Rd3 $15 43. Qe1 {[%emt 0:00:07] [#]} Rd8 (43... Qd7 $1 $17 44. Bf2 c3) 44. Qe7 c3 45. Rb8 Qxb8 46. Bxb8 Rxb8 47. Kf2 $2 {[%emt 0:00:16][%mdl 8192] [#]} (47. Qd6 $1 $11 {and White is okay.} Rb1+ 48. Kh2) 47... c2 $1 $19 48. Qe3 $2 (48. Qe1 $19 Bd3 (48... Rc8 49. Qc1 $19) 49. Qe3) 48... Rc8 49. Qc1 Bd3 50. Ke3 $2 (50. h4 $17) 50... Bg6 $19 51. a6 Ra8 52. g4 (52. Qa3 $142) 52... Rxa6 $19 53. h4 Rd6 0-1

[Event "American Cup Open Elimination 2024"]
[Site "Saint Louis"]
[Date "2024.03.17"]
[Round "3.6"]
[White "So, Wesley"]
[Black "Caruana, Fabiano"]
[Result "1/2-1/2"]
[ECO "E97"]
[WhiteElo "2789"]
[BlackElo "2804"]
[Annotator "TA"]
[PlyCount "85"]
[EventDate "2024.03.11"]
[EventType "k.o."]
[EventCountry "USA"]
[SourceTitle "playchess.com"]
[Source "ChessBase"]
[SourceQuality "1"]
[TimeControl "600+5"]

1. d4 Nf6 2. c4 g6 3. Nc3 Bg7 4. e4 d6 5. Be2 O-O 6. Nf3 Qe8 {[%emt 0:00:21] E97: King's Indian: Classical Main Line (6...e5 7 0-0 Nc6): 8 Be3 and 8 d5 Ne7, not 9 Ne1.} 7. e5 Nfd7 8. exd6 cxd6 9. O-O Nc6 10. Re1 Qd8 $146 ({Predecessor:} 10... Nf6 11. h3 Qd8 12. Bg5 Bf5 13. d5 Ne5 14. Nd4 Bc8 15. Rc1 Ned7 16. Bf1 Re8 {0-1 Matthey,H (2279)-Stolz,M (2412) Oberliga Ost-A 0304 2003 (6.1)}) 11. Be3 Nb6 12. b3 Bf5 13. Rc1 d5 14. c5 Nc8 15. h3 e6 16. Qd2 h5 17. Bh6 a5 (17... a6 $142) 18. Bxg7 Kxg7 19. Bb5 N8a7 20. Bxc6 Nxc6 ({Better is} 20... bxc6 $14 21. Qe3 Rh8) 21. Nb5 $18 Rb8 22. Nd6 Qf6 (22... Qe7 {is a better defense.} 23. Ne5 h4) 23. Ne5 $18 Nxe5 24. Rxe5 h4 (24... Qh4 {keeps fighting.} 25. Rc3 (25. Qxa5 Qxd4 26. Qc7 Qb2 $16) 25... Rfd8) 25. Qxa5 $18 Qg5 26. Rd1 Rfd8 (26... Ra8 $142 27. Qd2 Qxd2 28. Rxd2 b6) 27. Qd2 (27. Qc7 $142 Rf8 28. Nxf5+ (28. Nxb7 Qh5 $18) 28... exf5 29. Rxd5) 27... Qh5 $2 (27... Qxd2 {was called for.} 28. Rxd2 Rxd6 29. cxd6 Rd8) 28. b4 Ra8 29. Rc1 Ra3 $2 (29... Rd7 30. Ra1 Rxd6) 30. Re3 Rda8 $2 (30... Ra7 31. Re5 Rda8) 31. Rxa3 $18 Rxa3 32. Qf4 ({Inferior is} 32. Nxb7 Bxh3 33. Rc3 (33. gxh3 $2 Rxh3 34. Qd1 Qg5+ 35. Kf1 Rh1+ 36. Ke2 Qg4+ 37. f3 Qg2+ 38. Kd3 Rxd1+ 39. Rxd1 Qxf3+ 40. Kd2 Qa3 $19) 33... Rxc3 34. Qxc3 Bxg2 35. Kxg2 Qg4+ 36. Kh2 Qf4+ 37. Kg2 Qg4+ 38. Kh2 Qf4+ 39. Kg2 Qg4+ $11) 32... Qe2 33. b5 Rxa2 34. Qxh4 (34. c6 $142 bxc6 35. bxc6 (35. Qxh4 Qd2 $11)) 34... Qd2 35. Rf1 Bd3 36. Ne8+ Kf8 (36... Kg8 $142 37. Qf6 Qh6) 37. Qh8+ $18 Ke7 38. Nd6 $1 Bxf1 39. Nc8+ $2 (39. Qe8+ {mates} Kf6 40. Qxf7+ (40. Kxf1 $2 Qxf2#) 40... Kg5 41. Qe7+ (41. Kxf1 $2 Qd1#) 41... Kh6 42. Nf7+ (42. Kxf1 $2 Qxf2#) 42... Kh7 43. Ne5+ (43. Kxf1 $2 Qxf2#) 43... Kh6 44. Qf8+ (44. Kxf1 $2 Qxf2#) 44... Kh5 45. g4+ (45. Kxf1 $2 Qd1#) (45. Qh8+ Qh6 46. g4+ Kg5 47. Nf7+ Kf4 48. Qxh6+ g5 49. Qxg5+ Kf3 50. Qe3#) 45... Kh4 46. Qf6+ (46. Kxf1 Qe2+ 47. Kg2 Qxf2+ 48. Qxf2+ Rxf2+ 49. Kxf2 Kg5 50. Kg3 Kh6) 46... Qg5 47. Nxg6+ Kxh3 48. Qf3#) 39... Kd7 $11 40. Nb6+ Ke7 41. Nc8+ Kd7 42. Nb6+ Ke7 43. Nc8+ 1/2-1/2

[Event "American Cup Open Elimination 2024"]
[Site "Saint Louis"]
[Date "2024.03.18"]
[Round "4.1"]
[White "So, Wesley"]
[Black "Robson, Ray"]
[Result "1/2-1/2"]
[ECO "E48"]
[WhiteElo "2789"]
[BlackElo "2696"]
[Annotator "TA"]
[PlyCount "100"]
[EventDate "2024.03.11"]
[EventType "k.o."]
[EventCountry "USA"]
[SourceTitle "playchess.com"]
[Source "ChessBase"]
[SourceQuality "1"]
[TimeControl "900+10"]

1. d4 Nf6 2. c4 e6 3. Nc3 Bb4 4. e3 O-O 5. Bd3 c5 6. Nge2 d5 7. cxd5 cxd4 8. exd4 Nxd5 9. a3 Bd6 10. O-O Nc6 11. Re1 Qh4 12. g3 Qh5 13. Nxd5 exd5 14. Bf4 Rd8 15. Qd2 {[%emt 0:00:02] [#] And now Bxd6 would win.} Bf8 16. Bc7 Rd7 17. Ba5 g5 $1 {[%emt 0:00:29] Dodges Nf4} 18. Bb4 {[%emt 0:00:02] Inhibits Rd6.} Nxb4 19. axb4 Rd8 20. Nc3 Bxb4 {[%emt 0:00:08] The position is equal.} 21. h4 Bg4 22. Qxg5+ Qxg5 23. hxg5 a5 24. Re3 Bxc3 25. bxc3 a4 26. Ra3 Bd1 27. Re7 Bb3 28. Rxb7 Rdc8 29. Raxb3 axb3 30. Rxb3 Rab8 31. Rxb8 Rxb8 $11 {[%emt 0:00:01][%mdl 4096] Endgame. KR-KB} 32. c4 Rb3 33. Bf1 dxc4 34. Bxc4 Rb4 35. Be2 Rxd4 36. f4 Ra4 37. Kf2 Ra3 38. Bf3 Kg7 39. Kg2 Ra2+ 40. Kh3 f6 41. gxf6+ Kxf6 42. Be4 h6 43. Bd3 Rd2 44. Be4 Ke6 45. Kg4 Rh2 46. Bg6 Kf6 47. Be8 Ke7 48. Bg6 Kf6 49. Be8 Ke7 50. Bg6 Kf6 {[%emt 0:00:02] An interesting draw.   Weighted Error Value: White=0.02 (flawless) /Black=0.02 (flawless) .  OK:         	White=19    	Black=16     Best:        	---       	Black=2      Strong:       	---       	Black=1} 1/2-1/2

[Event "American Cup Open Elimination 2024"]
[Site "Saint Louis"]
[Date "2024.03.18"]
[Round "4.2"]
[White "Robson, Ray"]
[Black "So, Wesley"]
[Result "1-0"]
[ECO "E51"]
[WhiteElo "2696"]
[BlackElo "2789"]
[Annotator "TA"]
[PlyCount "59"]
[EventDate "2024.03.11"]
[EventType "k.o."]
[EventCountry "USA"]
[SourceTitle "playchess.com"]
[Source "ChessBase"]
[SourceQuality "1"]
[TimeControl "900+10"]

1. d4 Nf6 2. c4 e6 3. Nc3 Bb4 4. e3 O-O 5. Bd3 d5 6. a3 dxc4 7. Bxc4 Be7 8. Nf3 c5 9. O-O a6 10. dxc5 Bxc5 11. Qe2 b5 {[%emt 0:00:01] The position is equal.} 12. Ba2 Bb7 13. e4 Qc7 $1 14. e5 Nfd7 15. Bf4 Bxf3 $1 16. Qxf3 Nc6 17. Ne4 {[%emt 0:01:31] Black must now prevent Rac1.} Ndxe5 18. Qh5 (18. Qg3 $5 Bd4 $8 19. Nf6+ Kh8 20. Qh4 (20. Nh5 Rg8 $17) 20... gxf6 21. Qxf6+ Kg8 22. Qg5+ Kh8 23. Qf6+ Kg8 24. Qg5+ Kh8 25. Qf6+ $11) 18... Bd4 19. Rad1 {[%emt 0:00:14][%cal Od1d4,Ba1d1,Bd1d3,Bd3h3][%mdl 32] Strongly threatening Rxd4!} Rfd8 {[%emt 0:00:57] A mistake that costs the game.} (19... Qa7 $11 {and Black has nothing to worry.}) 20. Rd3 $1 $18 {[%emt 0:01:31] And now Rh3 would win.} Qe7 (20... Bxb2 $2 21. Rg3 Qa7 22. Be3 $18 (22. Nf6+ Kf8 $18)) (20... Qb6 $142 21. Rh3 Kf8 (21... h6 $2 22. Bxh6 Kf8 23. Bxg7+ Ke7 24. Kh1 $18)) 21. Rh3 $1 h6 {[%emt 0:00:01] [#]} (21... Bxb2 22. Qxh7+ Kf8 23. Qh8#) 22. Bg5 $1 $40 {[%emt 0:00:49][%mdl 128] White is out for blood.} Qe8 {[%emt 0:02:56] [#]} (22... Qc7) 23. Bxh6 $1 (23. Bxd8 Rxd8 24. b4 Ng6 $11) 23... Ng6 $2 (23... Nc4 24. Bxg7 Bxg7 25. Qh7+ Kf8) 24. Bg5 {[%emt 0:00:41] Threatening mate with Qh7+.} f6 {[%emt 0:00:01] [#]} 25. Re1 $1 Ra7 {[%emt 0:00:56] [#]} (25... Kf8 26. Nxf6) 26. Nxf6+ $1 Bxf6 27. Rxe6 Qf7 28. Rxf6 ({Not} 28. Rxc6 Qxa2 29. Qh7+ (29. Qxg6 $2 Rd1#) 29... Kf8 30. Rxf6+ (30. Qxg6 $2 Rd1#) 30... gxf6 31. Bh6+ (31. Qxa7 $2 Rd1#) 31... Ke8 32. Qxg6+ (32. Qxa7 $2 Rd1#) 32... Qf7 $14) (28. Bxf6 $142 Nh4 29. Re1 (29. Rxc6 Qxa2 30. Rc1 Rc7 $18) 29... Ne5 30. Bxd8 (30. Bxf7+ Rxf7 31. Bxd8 g6 32. Qxh4 Rf5 33. Qh8+ Kf7 34. Rxe5 Rxe5 35. Qxe5 g5 36. Rh7+ Kg8 37. Qh8#) 30... Re7 31. Bxf7+ (31. Bxe7 Nc4 32. Qxh4 Qd5 33. Qh8+ Kf7 34. Qf8+ Kg6 35. Bb1+ Qf5 36. Bxf5#) 31... Kf8 32. Bxe7+ (32. Rxh4 Nf3+ 33. gxf3 Rxe1+ 34. Kg2 Rc1 35. Qg6 Rg1+ 36. Kxg1 b4 37. Rh8#) 32... Kxe7 33. Qxe5+ (33. Qxh4+ Kd7 34. Rxe5 Kd6 35. Qe7+ Kc6 36. Rc5+ Kb6 37. Qc7#) (33. Rxe5+ Kd6 34. Qxh4 Kxe5 35. Qe7+ Kf5 36. Rf3+ Kg4 37. h3#) 33... Kd7 34. Qe7+ (34. Rxh4 Kc6 35. Bd5+ Kb6 36. Qd6+ Ka7 37. Re7#) 34... Kc8 35. Rxh4 Kb8 36. Rh8#) 28... gxf6 29. Qxg6+ Kf8 30. Rh8+ {[%emt 0:00:03] Weighted Error Value: White=0.02 (flawless) /Black=1.00.  Loses game:     	---       	Black=1      Mistake:       	---       	Black=3      OK:         	White=6     	Black=5      Best:        	White=1     	Black=1      Strong:       	White=4     	Black=2} (30. Bxf7 $2 Rd1#) 1-0

[Event "American Cup Open Elimination 2024"]
[Site "Saint Louis"]
[Date "2024.03.18"]
[Round "4.3"]
[White "Robson, Ray"]
[Black "So, Wesley"]
[Result "1/2-1/2"]
[ECO "D14"]
[WhiteElo "2696"]
[BlackElo "2789"]
[Annotator "TA"]
[PlyCount "91"]
[EventDate "2024.03.11"]
[EventType "k.o."]
[EventCountry "USA"]
[SourceTitle "playchess.com"]
[Source "ChessBase"]
[SourceQuality "1"]
[TimeControl "900+10"]

1. d4 d5 2. c4 c6 3. Nc3 Nf6 4. cxd5 cxd5 5. Bf4 Nc6 6. e3 Bf5 7. Nf3 e6 8. Qb3 Bb4 9. Bb5 O-O 10. Bxc6 Bxc3+ 11. Qxc3 Ne4 (11... Rc8 $11) 12. Qa3 $14 bxc6 13. Rc1 Rc8 14. Nd2 ({Of course not} 14. Qxa7 g5 (14... Ra8 $2 15. Qb7 $19) 15. Bg3 h5 $17 (15... Ra8 16. Qb7 $17)) 14... Nxd2 15. Kxd2 Re8 {[%emt 0:00:01] Black is weak on the dark squares} 16. Rhd1 f6 17. Ke1 e5 18. Bg3 Qb6 19. Kf1 exd4 20. Rxd4 Re4 21. Rxe4 dxe4 22. Bd6 Be6 23. Kg1 Qb7 24. Bc5 a5 25. b3 Ra8 26. h3 Bd5 27. Qa4 Qb5 {[%emt 0:00:24] The position is equal.} 28. Qxb5 cxb5 $11 {[%emt 0:00:01][%mdl 4096] Endgame. KRB-KRB} 29. Bd4 a4 30. Rc5 axb3 $1 31. axb3 Bxb3 32. Rxb5 Bf7 33. g4 h6 34. Kg2 Re8 35. h4 Re7 36. Kg3 Kh7 37. g5 fxg5 38. hxg5 h5 39. Re5 Rxe5 40. Bxe5 {[%emt 0:00:01] KB-KB} Kg6 41. Kh4 Be6 42. Bd4 Bd5 43. Be5 Be6 44. Bd4 Bd5 45. Be5 Be6 46. Bd4 {Weighted Error Value: White=0.07 (flawless) /Black=0.12 (very precise) .  Inaccurate:     	White=3     	Black=4      OK:         	White=11    	Black=13     Best:        	White=2     	Black=1      Strong:       	---       	Black=1} 1/2-1/2